 Dungeon Crawl Stone Soup version 0.25-a0-404-gc1b5a34292 (webtiles) character file.

Game seed: 17745475022819402311, levelgen mode: deterministic

116 Flugkiller the Grasshopper (level 4, -4/25 HPs)
             Began as a Deep Elf Warper on Jan 11, 2020.
             Killed by divine providence
             ... invoked by an orc priest
              (9 damage)
             ... on level 3 of the Dungeon.
             The game lasted 00:07:18 (5722 turns).

Flugkiller the Grasshopper (Deep Elf Warper)        Turns: 5722, Time: 00:07:18

Health: -4/25      AC:  4    Str: 12    XL:     4   Next: 70%
Magic:  11/12      EV: 12    Int: 19    God:
Gold:   131        SH:  0    Dex: 14    Spells: 1/11 levels left

rFire    . . .     SeeInvis .   o - +3 dagger
rCold    . . .     Gourm    .   (no shield)
rNeg     . . .     Faith    .   b - +1 leather armour
rPois    +         Spirit   .   (no helmet)
rElec    .         Reflect  .   (no cloak)
rCorr    .         Harm     .   (no gloves)
MR       .....                  (no boots)
Stlth    ++........             (no amulet)
HPRegen  0.08/turn              m - ring of poison resistance
MPRegen  0.13/turn              l - +4 ring of strength

@: no status effects
A: no striking features
a: no special abilities


You were on level 3 of the Dungeon.
You were not hungry.

You visited 1 branch of the dungeon, and saw 3 of its levels.

You collected 131 gold pieces.

Inventory:

Hand Weapons
 o - a +3 dagger (weapon)
   (You took it off an orc on level 3 of the Dungeon)
Armour
 b - a +1 leather armour (worn)
Jewellery
 g - an uncursed ring of protection from fire
   (You found it on level 1 of the Dungeon)
 l - a +4 ring of strength (right hand)
   (You took it off a hobgoblin on level 2 of the Dungeon)
 m - a ring of poison resistance (left hand)
   (You found it on level 2 of the Dungeon)
Wands
 s - a wand of scattershot (4)
   (You found it on level 3 of the Dungeon)
Scrolls
 c - a scroll of magic mapping {unknown}
 d - a scroll of blinking
 f - a scroll of identify {unknown}
 j - 2 scrolls of enchant armour
 k - 2 scrolls of remove curse
Potions
 e - a potion of haste {unknown}
 h - a potion of berserk rage {unknown}
 i - a potion of lignification {unknown}
 n - a potion of mutation {unknown}
 q - a potion of heal wounds {unknown}
 r - a potion of ambrosia {unknown}
 t - a potion of curing {unknown}
Comestibles
 a - 4 chunks of flesh
 p - 2 rations


   Skills:
 - Level 1.5 Fighting
 - Level 2.0 Short Blades
 - Level 1.0 Throwing
 - Level 0.7 Armour
 - Level 2.4 Dodging
 - Level 3.0 Stealth
 + Level 4.1 Spellcasting
 * Level 4.8 Translocations


You had one spell level left.
You knew the following spells:

 Your Spells              Type           Power        Failure   Level  Hunger
a - Gell's Gravitas       Tloc           ###.......   7%          3    ###....
b - Shroud of Golubria    Chrm/Tloc      ##....       10%         2    ##.....
c - Teleport Other        Tloc           ###.....     7%          3    ###....
r - Blink                 Tloc           N/A          3%          2    ##.....

Your spell library contained the following spells:

 Spells                   Type           Power        Failure   Level  Hunger
 Corona                   Hex            #......      17%         1    None
 Lesser Beckoning         Tloc           ###.......   7%          3    ###....
 Passage of Golubria      Tloc           N/A          24%         4    ####...
 Ensorcelled Hibernation  Hex/Ice        #.....       26%         2    ##.....
 Confusing Touch          Hex            #.......     45%         3    ###....
 Dazzling Flash           Conj/Hex       #.....       45%         3    ###....
 Tukima's Dance           Hex            #.......     45%         3    ###....


Dungeon Overview and Level Annotations

Branches:
Dungeon (3/15)

Altars:
Cheibriados
Makhleb

Annotations:
D:3 2 transporters, Gruesome's ghost, amateur OpFi


Message History

The kobold collides with the hobgoblin!
The hobgoblin shouts!
You kill the kobold!
The hobgoblin shouts!
The hobgoblin collides with the hobgoblin!
You kill the hobgoblin!
The hobgoblin completely misses you.
There is an open door here.
You hit the hobgoblin.
You kill the hobgoblin!
No target in view!
Things that are here:
a +0 club; a dagger There isn't anything to butcher here.
Things that are here:
a +0 club; a hobgoblin corpse You butcher the hobgoblin corpse.
a - 5 chunks of flesh (gained 4)
Things that are here:
a +0 club; a hobgoblin skeleton
Things that are here:
a +0 dagger; 2 stones; a kobold corpse The kobold corpse isn't edible.
Unknown command.
Things that are here:
a +0 club; a dagger
There is an open door here.
There is an open door here.
An orc priest comes into view. It is wielding a +0 dagger.
The orc priest shouts!
You hear a shout!
An orc priest is nearby!
An orc priest is nearby!
Things that are here:
a cursed -3 dagger; 2 stones; a +0 ring mail The orc priest mumbles some strange prayers to Beogh against you.
Pain shoots through your body!
The orc priest invokes the aid of Beogh against you.
Beogh smites you!
Ouch! That really hurt!
* * * LOW HITPOINT WARNING * * *
Casting: Gell's Gravitas (safe; 7% risk of failure)
Confirm with . or Enter, or press ? or * to list all spells.
You blink.
Unknown command.
An orc comes into view. It is wielding a +0 mace.
The orc shouts!
Some of the chunks of flesh in your inventory have rotted away.
The orc priest mumbles some strange prayers to Beogh against you.
Beogh smites you!
You die...

###..###.#####.##### ##....⌠
.........#.........## #..##..
.#####..............# #.#####
..####..##.###...#..#######.#####
........##.##....#..##...........
##..##.###.##.#.#......##########
.#.........##....#..#### ########
.#P.##.#########.#..######....#..
##.........(.# #@#.........##.'.⌠
.#...#######.# #.#.#######.####..
.#P..# #.# #.#.# #.# ##. ###..#
#.# #.#.#######.# #.. ..#.## #.#
#.#.........# #.# (.#.#
##.###o#.######### #.# ..#.#
##...##.#.# ##<# #)#.#
#.....#o#.### ####... .o..#
#...........# #......


You could see an orc priest and an orc.

Vanquished Creatures
  A gnoll (D:1)
  An ooze (D:1)
  4 worms
  A dart slug (D:1)
  A leopard gecko (D:3)
  10 orcs (D:3)
  2 bats (D:1)
  5 giant cockroaches
  6 goblins
  9 hobgoblins
  8 jackals
  2 quokkas
  4 frilled lizards
  8 kobolds
  9 rats
71 creatures vanquished.

Notes
Turn   | Place    | Note
-------+----------+-------------------------------------------
     0 | D:1      | Flugkiller the Deep Elf Warper began the quest for the Orb.
     0 | D:1      | Reached XP level 1. HP: 12/12 MP: 6/6
    55 | D:1      | Reached skill level 1 in Stealth
   299 | D:1      | Reached XP level 2. HP: 5/16 MP: 8/8
   576 | D:1      | Learned a level 2 spell: Blink
   579 | D:1      | Learned a level 2 spell: Shroud of Golubria
   910 | D:1      | Reached XP level 3. HP: 19/20 MP: 9/9
   915 | D:1      | Learned a level 3 spell: Gell's Gravitas
  3413 | D:3      | Found a transporter.
  3996 | D:3      | Found a transporter.
  3997 | D:3      | Noticed Gruesome's ghost (amateur OpFi)
  4003 | D:3      | Reached XP level 4. HP: 22/25 MP: 11/11
  4659 | D:3      | Found a snail-covered altar of Cheibriados.
  4933 | D:2      | Learned a level 3 spell: Teleport Other
  5348 | D:3      | Found a burning altar of Makhleb.
  5722 | D:3      | Killed from afar by an orc priest

Levels and vault maps discovered:
D:1:      psy_arrival_radial02, layout_basic
D:2:      layout_loops_cross, vehumet_crystals, first_ration
D:3:      corexii_shack_village, layout_loops_ring, cheibriados_altar_1,
          lemuel_round_altar, gammafunk_ghost_arena, grunt_ministairs_13,
          mrwooster_statue_mirror, st_stairs_7, nrook_loot_triangle

Skill      XL: |  1  2  3  4 |
---------------+-------------+-----
Stealth        | 3 |  3.0
Translocations | 4 |  4.8
Spellcasting   | 4 |  4.1
Fighting       | |  1.5
Short Blades   | |  2.0
Throwing       | |  1.0
Armour         | |  0.7
Dodging        | |  2.4

Action                   |  1- 3 |  4- 6 || total
-------------------------+-------+-------++-------
Melee: Short sword       |   222 |    58 ||   280
       Dagger            |       |    18 ||    18
Throw: Boomerang         |     5 |       ||     5
 Cast: Shroud of Golubri |    12 |     5 ||    17
       Gell's Gravitas   |     2 |     4 ||     6
       Blink             |     1 |     1 ||     2
       Teleport Other    |       |     1 ||     1
Evoke: Wand              |       |     1 ||     1
  Use: Scroll            |       |     2 ||     2
 Stab: Sleeping          |     7 |     2 ||     9
  Eat: Chunk             |     3 |     7 ||    10
       Ration            |     2 |       ||     2
Armor: Leather armour    |    37 |    11 ||    48
Dodge: Dodged            |   116 |    37 ||   153

Table legend:
 A = Non-vault XP
 B = Vault XP
 C = Vault XP percentage of total XP
 D = Non-vault monster count
 E = Vault monster count
 F = Vault count percentage of total count
                 A         B        C        D         E       F
            +---------+---------+-------+---------+---------+-------
      Total |     134 |      33 |  19.8 |      56 |      15 |  21.1
            +---------+---------+-------+---------+---------+-------
        D:1 |      55 |       0 |   0.0 |      22 |       0 |   0.0
        D:2 |      21 |       5 |  19.2 |      11 |       1 |   8.3
        D:3 |      58 |      28 |  32.6 |      23 |      14 |  37.8
            +---------+---------+-------+---------+---------+-------
